| TOP OF THE 1ST |
|
Arizona State University Sun Devils batting - Pitching for University of Virginia Cavaliers : RHP Dan Ford
|
|
Pitching: RHP Dan Ford
|
|
|
Batting: LHB David Goad
|
0-0: Fly out, F8 (Flyball, 8LD, EV 98.1 MPH)
|
|
Batting: RHB Rusty Gee
|
0-0: Ball 1-0: Ball 2-0: Ball 3-0: Called Strike 3-1: Foul Ball, location: 2F 3-2: Foul Ball, location: 2F 3-2: Strikes out looking
|
|
Batting: LHB Justin Vitali
|
0-0: Ball 1-0: Swinging Strike 1-1: Swinging Strike 1-2: Strikes out swinging
|
| Top of the 1st over - 0 runs, 0 hits, 0 errors, 0 left on base; Arizona State University 0 - University of Virginia 0 |
| BOTTOM OF THE 1ST |
|
University of Virginia Cavaliers batting - Pitching for Arizona State University Sun Devils : RHP Travis Varney
|
|
Pitching: RHP Travis Varney
|
|
|
Batting: RHB Luke Bertrand
|
0-0: Called Strike 0-1: Ball 1-1: Ball 2-1: SINGLE (Line Drive, 9LS, EV 110.0 MPH)
|
|
Batting: LHB Edelberto Barbas
|
0-0: Called Strike Luke Bertrand is caught stealing 2nd base 2-6 0-1: Ball 1-1: Foul Ball, location: 2F 1-2: Strikes out looking
|
|
Batting: RHB Pedro Lopez
|
0-0: Called Strike 0-1: Foul Ball, location: 2F 0-2: Ball 1-2: Foul Ball, location: 2F 1-2: Ground out 5-3 (Groundball, 56, EV 105.6 MPH)
|
| Bottom of the 1st over - 0 runs, 1 hit, 0 errors, 0 left on base; Arizona State University 0 - University of Virginia 0 |
| TOP OF THE 2ND |
|
Arizona State University Sun Devils batting - Pitching for University of Virginia Cavaliers : RHP Dan Ford
|
|
Batting: LHB Randy Marquez
|
0-0: Ball 1-0: Ground out U3 (Groundball, 3, EV 81.9 MPH)
|
|
Batting: SHB Manny Aponte
|
0-0: Swinging Strike 0-1: Ball 1-1: Ball 2-1: Ball 3-1: Base on Balls
|
|
Batting: RHB Martin Boyle
|
0-0: Ball 1-0: Fly out, F8 (Flyball, 8RD, EV 73.1 MPH)
|
|
Batting: LHB Dustin Gill
|
0-0: Ball 1-0: Ball 2-0: Called Strike 2-1: Ball 3-1: Swinging Strike 3-2: Fly out, F7 (Line Drive, 78M, EV 94.4 MPH)
|
| Top of the 2nd over - 0 runs, 0 hits, 0 errors, 1 left on base; Arizona State University 0 - University of Virginia 0 |
| BOTTOM OF THE 2ND |
|
University of Virginia Cavaliers batting - Pitching for Arizona State University Sun Devils : RHP Travis Varney
|
|
Batting: RHB Jose Velez
|
0-0: Ball 1-0: Foul Ball, location: 2F 1-1: Foul Ball, location: 2F 1-2: Ball 2-2: Strikes out swinging
|
|
Batting: RHB Mike Llamas
|
0-0: Fly out, F7 (Flyball, 78D, EV 90.0 MPH)
|
|
Batting: RHB Jason Lambert
|
0-0: Reached on error, E6 (Groundball, 6, EV 105.6 MPH)
|
|
Batting: RHB Nick Cech
|
0-0: Foul Ball, location: 2F 0-1: Foul Ball, location: 2F 0-2: Reached on error, E6 (Groundball, 6, EV 83.1 MPH) Jason Lambert scores
|
|
Batting: RHB Scott Anderson
|
0-0: Ball 1-0: Foul Ball, location: 2F 1-1: Foul Ball, location: 2F 1-2: Strikes out swinging
|
| Bottom of the 2nd over - 1 run, 0 hits, 2 errors, 1 left on base; Arizona State University 0 - University of Virginia 1 |
| TOP OF THE 3RD |
|
Arizona State University Sun Devils batting - Pitching for University of Virginia Cavaliers : RHP Dan Ford
|
|
Batting: RHB Chris DeLuise
|
0-0: Ball 1-0: Swinging Strike 1-1: Foul Ball, location: 2F 1-2: Strikes out looking
|
|
Batting: RHB Hervé Papin
|
0-0: Ball 1-0: Ground out U3 (Groundball, 3S, EV 91.9 MPH)
|
|
Batting: LHB David Goad
|
0-0: Fly out, F8 (Flyball, 8LM, EV 89.4 MPH)
|
| Top of the 3rd over - 0 runs, 0 hits, 0 errors, 0 left on base; Arizona State University 0 - University of Virginia 1 |
| BOTTOM OF THE 3RD |
|
University of Virginia Cavaliers batting - Pitching for Arizona State University Sun Devils : RHP Travis Varney
|
|
Batting: LHB Josh Doan
|
0-0: Ground out 5-3 (Groundball, 56, EV 84.4 MPH)
|
|
Batting: RHB Luke Bertrand
|
0-0: Swinging Strike 0-1: Swinging Strike 0-2: Strikes out swinging
|
|
Batting: LHB Edelberto Barbas
|
0-0: Called Strike 0-1: Foul Ball, location: 2F 0-2: Strikes out looking
|
| Bottom of the 3rd over - 0 runs, 0 hits, 0 errors, 0 left on base; Arizona State University 0 - University of Virginia 1 |
| TOP OF THE 4TH |
|
Arizona State University Sun Devils batting - Pitching for University of Virginia Cavaliers : RHP Dan Ford
|
|
Batting: RHB Rusty Gee
|
0-0: Called Strike 0-1: Ground out 5-3 (Groundball, 56, EV 105.0 MPH)
|
|
Batting: LHB Justin Vitali
|
0-0: Ball 1-0: Foul Ball, location: 2F 1-1: Fly out, F6 (Popup, 4M, EV 57.5 MPH)
|
|
Batting: LHB Randy Marquez
|
0-0: Ball 1-0: Foul Ball, location: 2F 1-1: Foul Ball, location: 2F 1-2: Ball 2-2: Ground out 4-3 (Groundball, 4M, EV 82.5 MPH)
|
| Top of the 4th over - 0 runs, 0 hits, 0 errors, 0 left on base; Arizona State University 0 - University of Virginia 1 |
| BOTTOM OF THE 4TH |
|
University of Virginia Cavaliers batting - Pitching for Arizona State University Sun Devils : RHP Travis Varney
|
|
Batting: RHB Pedro Lopez
|
0-0: Ball 1-0: Swinging Strike 1-1: Swinging Strike 1-2: Foul Ball, location: 2F 1-2: Fly out, F4 (Line Drive, 4, EV 71.9 MPH)
|
|
Batting: RHB Jose Velez
|
0-0: Ball 1-0: Foul Ball, location: 2F 1-1: Ball 2-1: Foul Ball, location: 2F 2-2: Foul Ball, location: 2F 2-2: Ball 3-2: Ground out U3 (Groundball, 34S, EV 80.0 MPH)
|
|
Batting: RHB Mike Llamas
|
0-0: Ball 1-0: Ball 2-0: SINGLE (Groundball, 6MD, EV 102.5 MPH)
|
|
Batting: RHB Jason Lambert
|
0-0: Ball 1-0: Ball Mike Llamas steals 2nd base 2-0: Ground out 6-3 (Groundball, 6, EV 106.2 MPH)
|
| Bottom of the 4th over - 0 runs, 1 hit, 0 errors, 1 left on base; Arizona State University 0 - University of Virginia 1 |
| TOP OF THE 5TH |
|
Arizona State University Sun Devils batting - Pitching for University of Virginia Cavaliers : RHP Dan Ford
|
|
Now at 2B: Alex Ruschin
|
|
|
Now at SS: Maurice McDonald
|
|
|
Now in CF: Ethan Lewis
|
|
|
Batting: SHB Manny Aponte
|
0-0: Foul Ball, location: 2F 0-1: Ball 1-1: Called Strike 1-2: Foul Ball, location: 2F 1-2: Ball 2-2: Strikes out looking
|
|
Batting: RHB Martin Boyle
|
0-0: Called Strike 0-1: Called Strike 0-2: Foul Ball, location: 2F 0-2: Strikes out swinging
|
|
Batting: LHB Dustin Gill
|
0-0: Called Strike 0-1: Ball 1-1: Foul Ball, location: 2F 1-2: Strikes out looking
|
| Top of the 5th over - 0 runs, 0 hits, 0 errors, 0 left on base; Arizona State University 0 - University of Virginia 1 |
| BOTTOM OF THE 5TH |
|
University of Virginia Cavaliers batting - Pitching for Arizona State University Sun Devils : RHP Travis Varney
|
|
Now at C: Israel Tobias
|
|
|
Now at 1B: Burraga Iukini
|
|
|
Now in CF: Timon Giorgiou
|
|
|
Batting: RHB Nick Cech
|
0-0: Ball 1-0: Ground out 5-3 (Groundball, 56, EV 91.2 MPH)
|
|
Batting: RHB Scott Anderson
|
0-0: Called Strike 0-1: Ball 1-1: DOUBLE (Line Drive, 89XD, EV 99.4 MPH)
|
|
Batting: LHB Josh Doan
|
0-0: Foul Ball, location: 2F 0-1: Foul Ball, location: 2F 0-2: Ground out 6-3 (Groundball, 6S, EV 86.2 MPH)
|
|
Pinch Hitting: LHB Eustachio Bontempi
|
0-0: Ball 1-0: Ball 2-0: Called Strike 2-1: Foul Ball, location: 2F 2-2: Foul Ball, location: 2F 2-2: Foul Ball, location: 2F 2-2: Foul Ball, location: 2F 2-2: Ball 3-2: Ground out 4-3 (Groundball, 4S, EV 92.5 MPH)
|
| Bottom of the 5th over - 0 runs, 1 hit, 0 errors, 1 left on base; Arizona State University 0 - University of Virginia 1 |
| TOP OF THE 6TH |
|
Arizona State University Sun Devils batting - Pitching for University of Virginia Cavaliers : RHP Dan Ford
|
|
Now at C: Mink Hendriks
|
|
|
Now in LF: Matt Morales
|
|
|
Now in RF: Ray Nichter
|
|
|
Batting: RHB Chris DeLuise
|
0-0: Ball 1-0: Called Strike 1-1: Ball 2-1: Ball 3-1: Foul Ball, location: 2F 3-2: Strikes out swinging
|
|
Batting: RHB Hervé Papin
|
0-0: Called Strike 0-1: Ball 1-1: Ground out 4-3 (Groundball, 4MS, EV 71.2 MPH)
|
|
Batting: LHB Burraga Iukini
|
0-0: Ball 1-0: Ball 2-0: Ball 3-0: Swinging Strike 3-1: DOUBLE (Groundball, 5L, EV 110.0 MPH)
|
|
Pitching: LHP Dylan Avery
|
|
|
Pinch Hitting: RHB Kawenaula Kapali
|
0-0: Fly out, F9 (Flyball, 9, EV 82.5 MPH)
|
| Top of the 6th over - 0 runs, 1 hit, 0 errors, 1 left on base; Arizona State University 0 - University of Virginia 1 |
| BOTTOM OF THE 6TH |
|
University of Virginia Cavaliers batting - Pitching for Arizona State University Sun Devils : RHP Travis Varney
|
|
Pitching: RHP Jeremy Kaylor
|
|
|
Now at 2B: Kawenaula Kapali
|
|
|
Now at 3B: Ricky Hernandez
|
|
|
Batting: LHB Ray Nichter
|
0-0: Swinging Strike 0-1: Ball 1-1: Ball 2-1: Foul Ball, location: 2F 2-2: Strikes out looking
|
|
Batting: RHB Alex Ruschin
|
0-0: Ball 1-0: Ball 2-0: Ball 3-0: Base on Balls
|
|
Batting: SHB Ethan Lewis
|
0-0: Ball 1-0: Called Strike Alex Ruschin steals 2nd, throwing error, E2 Alex Ruschin to third 1-1: Foul Ball, location: 2F 1-2: Fly out, F9 (Line Drive, 9, EV 87.5 MPH) Runner from 3rd tags up, SCORES, throw by RF
|
|
Batting: RHB Maurice McDonald
|
0-0: Called Strike 0-1: Called Strike 0-2: Foul Ball, location: 2F 0-2: Strikes out swinging
|
| Bottom of the 6th over - 1 run, 0 hits, 1 error, 0 left on base; Arizona State University 0 - University of Virginia 2 |
| TOP OF THE 7TH |
|
Arizona State University Sun Devils batting - Pitching for University of Virginia Cavaliers : LHP Dylan Avery
|
|
Batting: LHB Timon Giorgiou
|
0-0: Called Strike 0-1: Ball 1-1: Foul Ball, location: 2F 1-2: Strikes out swinging
|
|
Pinch Hitting: RHB Bill Callbeck
|
0-0: Fly out, F8 (Flyball, 8RD, EV 83.8 MPH)
|
|
Batting: RHB Jun-hyuk Leem
|
0-0: Called Strike 0-1: Ball 1-1: Ball 2-1: Called Strike 2-2: Ball 3-2: Foul Ball, location: 2F 3-2: Strikes out swinging
|
| Top of the 7th over - 0 runs, 0 hits, 0 errors, 0 left on base; Arizona State University 0 - University of Virginia 2 |
| BOTTOM OF THE 7TH |
|
University of Virginia Cavaliers batting - Pitching for Arizona State University Sun Devils : RHP Jeremy Kaylor
|
|
Now in LF: Bill Callbeck
|
|
|
Pinch Hitting: LHB Alex Aguilar
|
0-0: Called Strike 0-1: Foul Ball, location: 2F 0-2: Strikes out swinging
|
|
Pinch Hitting: RHB Allen McCaskill
|
0-0: Fly out, F7 (Flyball, 7D, EV 106.9 MPH)
|
|
Batting: RHB Rob Price
|
0-0: Ball 1-0: Swinging Strike 1-1: SINGLE (Groundball, 6D, EV 99.4 MPH)
|
|
Batting: SHB Mink Hendriks
|
0-0: Foul Ball, location: 2F 0-1: Called Strike 0-2: Foul Ball, location: 2F 0-2: Ball 1-2: Ball 2-2: Foul Ball, location: 2F 2-2: Foul Ball, location: 2F 2-2: Strikes out swinging
|
| Bottom of the 7th over - 0 runs, 1 hit, 0 errors, 1 left on base; Arizona State University 0 - University of Virginia 2 |
| TOP OF THE 8TH |
|
Arizona State University Sun Devils batting - Pitching for University of Virginia Cavaliers : LHP Dylan Avery
|
|
Now at 1B: Alex Aguilar
|
|
|
Now at 3B: Jeremy Weber
|
|
|
Batting: RHB Israel Tobias
|
0-0: Ball 1-0: Ground out 5-3 (Groundball, 5, EV 82.5 MPH)
|
|
Pinch Hitting: LHB Eric Russell
|
0-0: Ground out 1-3 (Groundball, P, EV 73.1 MPH)
|
|
Pinch Hitting: RHB John Burgis
|
0-0: Swinging Strike 0-1: Ball 1-1: Ground out 6-3 (Groundball, 6, EV 85.0 MPH)
|
| Top of the 8th over - 0 runs, 0 hits, 0 errors, 0 left on base; Arizona State University 0 - University of Virginia 2 |
| BOTTOM OF THE 8TH |
|
University of Virginia Cavaliers batting - Pitching for Arizona State University Sun Devils : RHP Jeremy Kaylor
|
|
Pitching: RHP Sho Fukumoto
|
|
|
Now at 3B: David Krebs
|
|
|
Now in RF: Eric Russell
|
|
|
Batting: RHB Matt Morales
|
0-0: Ball 1-0: Swinging Strike 1-1: Foul Ball, location: 2F 1-2: Strikes out swinging, 2-3 out at first.
|
|
Batting: LHB Ray Nichter
|
0-0: Ball 1-0: Ball 2-0: Called Strike 2-1: Fly out, F8 (Line Drive, 8RM, EV 89.4 MPH)
|
|
Batting: RHB Alex Ruschin
|
0-0: Ball 1-0: Foul Ball, location: 2F 1-1: Swinging Strike 1-2: Ball 2-2: Ball 3-2: SINGLE (Flyball, 5D, EV 94.4 MPH)
|
|
Batting: SHB Ethan Lewis
|
0-0: Foul Ball, location: 2F 0-1: Ball 1-1: Foul Ball, location: 2F 1-2: Strikes out swinging
|
| Bottom of the 8th over - 0 runs, 1 hit, 0 errors, 1 left on base; Arizona State University 0 - University of Virginia 2 |
| TOP OF THE 9TH |
|
Arizona State University Sun Devils batting - Pitching for University of Virginia Cavaliers : LHP Dylan Avery
|
|
Pitching: RHP Fita Muzorewa
|
|
|
Pinch Hitting: RHB Carl Evans
|
0-0: Foul Ball, location: 2F 0-1: Called Strike 0-2: Foul Ball, location: 2F 0-2: Strikes out swinging
|
|
Batting: LHB Burraga Iukini
|
0-0: Swinging Strike 0-1: Foul Ball, location: 2F 0-2: Foul Ball, location: 2F 0-2: Strikes out looking
|
|
Pinch Hitting: SHB Salvador Rodriquez
|
0-0: Foul Ball, location: 2F 0-1: Ball 1-1: Fly out, F3 (Line Drive, 3, EV 71.2 MPH)
|
| Top of the 9th over - 0 runs, 0 hits, 0 errors, 0 left on base; Arizona State University 0 - University of Virginia 2 |
|